 Dungeon Crawl Stone Soup version 0.28.0-47-ge53b351184 (webtiles) character file.

Game seed: 2989513691348630241

217 Kaptain the Digger (level 5, -1/31 HPs)
             Began as a Gargoyle Earth Elementalist on Apr 25, 2022.
             Slain by a hornet zombie (5 damage)
             ... on level 4 of the Dungeon.
             The game lasted 00:06:13 (3821 turns).

Kaptain the Digger (Gargoyle Earth Elementalist)    Turns: 3821, Time: 00:06:13

Health: -1/31      AC: 17    Str: 11    XL:     5   Next: 94%
Magic:  1/9        EV: 12    Int: 18    God:
Gold:   179        SH:  0    Dex: 10    Spells: 5/9 levels left

rFire   . . .      SeeInvis .   r - +2 flail (protect)
rCold   . . .      Faith    .   (no shield)
rNeg    + . .      Spirit   .   b - +0 robe
rPois   ∞          Reflect  .   (no helmet)
rElec   +          Harm     .   (no cloak)
rCorr   .          Rampage  .   (no gloves)
Will    .....                   (no boots)
Stlth   ++........              (no amulet)
HPRegen 0.10/turn               j - +4 ring of protection
MPRegen 0.11/turn               (no ring)

@: under a protective aura
A: sickness immunity, AC +4, negative energy resistance 1, electricity
resistance, torment resistance 1, petrification resistance
a: no special abilities


You were on level 4 of the Dungeon.
You visited 1 branch of the dungeon, and saw 4 of its levels.

You collected 179 gold pieces.

Inventory:

Hand Weapons
 h - a +0 hunting sling
 r - a +2 flail of protection (weapon)
Missiles
 c - 76 stones
 i - 72 sling bullets
Armour
 b - a +0 robe (worn)
 n - an orb of energy
Jewellery
 d - a +4 ring of slaying
 j - a +4 ring of protection (left hand)
Wands
 p - a wand of iceblast (7)
Scrolls
 f - a scroll of brand weapon {unknown}
 k - 2 scrolls of identify {unknown}
 q - a scroll of blinking {unknown}
Potions
 a - a potion of magic {unknown}
 e - a potion of resistance {unknown}
 l - a potion of berserk rage {unknown}
 m - a potion of might {unknown}
 o - a potion of heal wounds {unknown}


   Skills:
 * Level 2.5 Fighting
 + Level 1.6 Armour
 + Level 2.1 Dodging
 - Level 2.1 Stealth
 * Level 2.9 Spellcasting
 * Level 2.3 Conjurations
 - Level 0.7 Transmutations
 * Level 4.6 Earth Magic


You had 5 spell levels left.
You knew the following spells:

 Your Spells              Type           Power      Damage    Failure   Level
a - Sandblast             Erth           38%        2d10      2%          1
b - Stone Arrow           Conj/Erth      30%        3d8       12%         3

Your spell library contained the following spells:

 Spells                   Type           Power      Damage    Failure   Level
 Passwall                 Tmut/Erth      10%        N/A       9%          2
 Corpse Rot               Necr/Air       4%         N/A       26%         2
 Petrify                  Tmut/Erth      12%        N/A       47%         4
 Dispel Undead            Necr           2%         3d7       86%         4
 Death Channel            Necr           1%         N/A       100%        6


Dungeon Overview and Level Annotations

Branches:
Dungeon (4/15)
 Temple: D:4-7

Altars:
Cheibriados
Fedhas
Gozag
Kikubaaqudgha
Wu Jian


Innate Abilities, Weirdness & Mutations

You are immune to sickness and miasma.
Your stone body is resilient. (AC +4)
You are immune to poison.
You resist negative energy. (rN+)
You are resistant to electric shocks. (rElec)
You are resistant to unholy torment.
You are immune to petrification.


Message History

Aiming: Sandblast (safe; 2% risk of failure)
Press: ? - help, Shift-Dir - straight line, f/p - hornet zombie
Aim: a hornet zombie (severely damaged, 82% to hit)
The blast of sand misses the hornet zombie.
The hornet zombie closely misses you.
Unknown command.
Casting: Sandblast (safe; 2% risk of failure)
Confirm with . or Enter, or press ? or * to list all spells.
Aiming: Sandblast (safe; 2% risk of failure)
Press: ? - help, Shift-Dir - straight line, f/p - hornet zombie
Aim: a hornet zombie (severely damaged, 82% to hit)
The blast of sand hits the hornet zombie.
The hornet zombie is severely damaged.
The hornet zombie hits you but does no damage.
Unknown command.
Casting: Sandblast (safe; 2% risk of failure)
Confirm with . or Enter, or press ? or * to list all spells.
Aiming: Sandblast (safe; 2% risk of failure)
Press: ? - help, Shift-Dir - straight line, f/p - hornet zombie
Aim: a hornet zombie (severely damaged, 82% to hit)
The blast of sand hits the hornet zombie but does no damage.
The hornet zombie is severely damaged.
The hornet zombie barely misses you.
The hornet zombie hits you but does no damage.
You thump the hornet zombie!
Your weapon exudes an aura of protection.
Your punch misses the hornet zombie.
The hornet zombie is almost destroyed.
The hornet zombie hits you.
* * * LOW HITPOINT WARNING * * *
You hit the hornet zombie but do no damage.
The hornet zombie is almost destroyed.
The hornet zombie hits you but does no damage.
The hornet zombie barely misses you.
Unknown command.
You hit the hornet zombie.
The hornet zombie is almost destroyed.
The hornet zombie hits you but does no damage.
The hornet zombie hits you.
You die...

#...##.......# #####.#
####.############ ###.#
#.......# #_ #####...#
#.##.##.######.##..##.###
...........# ...##.##.#
#.###.#.#### #).#.##.#
#.###.#.# #.#....#
........# #Z#..###
##.##.### #@##.# ......#
#..'.# ##.#### #.#### .#
#.# #.# ..# .## .# _


You could see a hornet zombie.

Vanquished Creatures
  Ijyb (D:4)
  An iguana (D:3)
  An orc wizard (D:4)
  4 adders (D:2)
  A white imp (D:4)
  4 worms
  3 dart slugs
  6 orcs
  6 endoplasms
  3 giant cockroaches
  14 goblins
  4 hobgoblins
  3 jackals (D:4)
  3 quokkas
  7 ball pythons
  5 bats
  4 frilled lizards
  3 kobolds
  3 rats
76 creatures vanquished.

Notes
Turn   | Place    | Note
-------+----------+-------------------------------------------
     0 | D:1      | Kaptain the Gargoyle Earth Elementalist began the quest for
                  | the Orb.
     0 | D:1      | Reached XP level 1. HP: 10/10 MP: 3/3
   224 | D:1      | Reached XP level 2. HP: 16/16 MP: 5/5
   663 | D:1      | Reached skill level 1 in Conjurations
   749 | D:1      | Reached skill level 1 in Fighting
   749 | D:1      | Reached skill level 4 in Earth Magic
   912 | D:2      | Found an ancient bone altar of Kikubaaqudgha.
   924 | D:2      | Reached XP level 3. HP: 17/20 MP: 2/6
   928 | D:2      | Learned a level 3 spell: Stone Arrow
  1326 | D:2      | Reached XP level 4. HP: 20/25 MP: 1/7
  1723 | D:2      | Reached skill level 1 in Armour
  2161 | D:2      | Found a faded altar of an unknown god.
  2517 | D:3      | Reached XP level 5. HP: 30/30 MP: 1/8
  2701 | D:3      | Found a snail-covered altar of Cheibriados.
  3507 | D:4      | Noticed Ijyb
  3520 | D:4      | Killed Ijyb
  3733 | D:4      | Found a blossoming altar of Fedhas.
  3798 | D:4      | Found an opulent altar of Gozag.
  3798 | D:4      | Found an ornate altar of the Wu Jian Council.
  3821 | D:4      | Slain by a hornet zombie

Illustrated notes

Levels and vault maps discovered:
D:1:      roderic_crossed_star, layout_basic, minmay_tetromino_i2
D:2:      layout_basic, basic_ecumenical_altar, basic_altar, nicolae_wormholes
D:3:      layout_basic, amcnicky_altar_gilded, st_stairs_6
D:4:      kennysheep_goblin_castle, layout_loops_cross,
          chequers_temple_overflow_minitemple, mainiacjoe_overflow_tiny_flanked,
          lemuel_temple_firewalk_b, minmay_box_of_dots

Skill      XL: |  1  2  3  4 |
---------------+-------------+-----
Conjurations   | 1 2 |  2.3
Fighting       | 1 2 |  2.5
Earth Magic    | 4 |  4.6
Armour         | 1 |  1.6
Dodging        | 2 |  2.1
Stealth        | |  2.1
Spellcasting   | |  2.9
Transmutations | |  0.7

Action                   |  1- 3 |  4- 6 || total
-------------------------+-------+-------++-------
Melee: Hand axe          |    31 |    38 ||    69
       Punch             |       |     2 ||     2
       Flail             |       |    17 ||    17
       Hunting sling     |       |     2 ||     2
 Fire: Hunting sling     |       |    48 ||    48
 Cast: Sandblast         |    31 |    53 ||    84
       Stone Arrow       |       |     5 ||     5
 Stab: Sleeping          |     1 |     1 ||     2
Armor: Robe              |    12 |    43 ||    55
Dodge: Dodged            |    34 |    53 ||    87
